 Dungeon Crawl Stone Soup version 0.29.0-4-gdea44cf6ec (webtiles) character file.

Game seed: 9857567103681550824

105 qw the Chopper (level 4, 0/26 HPs)
             Began as a Tengu Warper on Aug 28, 2022.
             Slain by a centaur (4 damage)
             ... on level 3 of the Dungeon.
             The game lasted 00:00:14 (2908 turns).

qw the Chopper (Tengu Warper)                       Turns: 2908, Time: 00:00:15

Health: 0/26       AC:  6    Str: 14    XL:     4   Next: 81%
Magic:  8/8        EV: 11    Int: 13    God:
Gold:   178        SH:  0    Dex: 19    Spells: 7/7 levels left

rFire   . . .      SeeInvis .   Y - +2 hand axe (elec)
rCold   . . .      Faith    .   (no shield)
rNeg    . . .      Spirit   .   d - +0 ring mail
rPois   .          Reflect  .   (helmet restricted)
rElec   .          Harm     .   c - +0 cloak
rCorr   .          Rampage  .   (no gloves)
Will    .....                   (boots unavailable)
Stlth   +.........              (no amulet)
HPRegen 0.08/turn               h - +6 ring of dexterity
MPRegen 0.11/turn               (no ring)

@: no status effects
A: beak, talons 3
a: no special abilities


You were on level 3 of the Dungeon.
You visited 1 branch of the dungeon, and saw 3 of its levels.

You collected 178 gold pieces.


Innate Abilities, Weirdness & Mutations

You have a beak for a mouth.
You have claws for feet.


   Skills:
 - Level 2.0 Fighting
 + Level 5.3 Axes
 - Level 1.0 Throwing
 - Level 1.1 Armour
 - Level 2.1 Dodging
 - Level 2.0 Spellcasting
 - Level 2.4 Translocations


You had 7 spell levels left.
You didn't know any spells.
Your spell library contained the following spells:

 Spells                   Type           Power      Damage    Failure   Level
 Blink                    Tloc           14%        N/A       30%         2
 Gell's Gravitas          Tloc           7%         N/A       52%         3
 Lesser Beckoning         Tloc           7%         N/A       52%         3
 Teleport Other           Tloc           7%         N/A       52%         3
 Manifold Assault         Tloc           7%         N/A       99%         5

Inventory:

Hand Weapons
 k - a +0 whip
 Y - a +2 hand axe of electrocution (weapon)
Missiles
 i - 3 boomerangs (quivered)
Armour
 b - a +0 scale mail
 c - a +0 cloak (worn)
 d - a +0 ring mail (worn)
 j - a +1 pair of gloves
 m - a +0 plate armour
Jewellery
 h - a +6 ring of dexterity (left hand)
Scrolls
 a - a scroll of fear {unknown}
 g - a scroll of identify {unknown}
Potions
 e - a potion of curing {unknown}
 f - a potion of invisibility {unknown}
 l - a potion of attraction {unknown}

Dungeon Overview and Level Annotations

Branches:
Dungeon (3/15)

Altars:

Shops:
D:1 (


Message History

Throw: 3 boomerangs
Press: ? - help, Q - select action Shift-Dir - straight line, f/p - endoplasm You throw a boomerang.
The boomerang hits the endoplasm.
You kill the endoplasm!
You now have 178 gold pieces (gained 11).
You enter the shallow water.
Moving in this stuff is going to be slow.
You enter the shallow water.
Moving in this stuff is going to be slow.
g - a scroll labelled ZYUNUM FADI
Enter note:
Enter note:
Enter note:
Enter note:
Enter note: You enter the shallow water.
Moving in this stuff is going to be slow.
m - a +0 plate armour
Found 3 curare-tipped darts.
A kobold and a centaur come into view.
The centaur shouts!
The kobold shouts!
The centaur wields a +0 shortbow.
The centaur shoots an arrow.
The arrow hits you!
2903 ||| Stepping ~*~*~tactically~*~*~ (hiding).
2904 ||| FLEEEEING.
The centaur unwields a +0 shortbow.
The centaur hits you. The centaur barely misses you.
You barely miss the centaur. You claw the centaur.
The centaur is moderately wounded.
The centaur completely misses you. The centaur barely misses you.
You hit the centaur but do no damage.
The centaur is moderately wounded.
The centaur hits you.
The centaur kicks you but does no damage.
The centaur hits you but does no damage.
The centaur kicks you but does no damage.
You slash the centaur! Your kick misses the centaur.
The centaur is heavily wounded.
The centaur hits you.
You die...

# .# ### .# #####.#### c.
#...(#.... ~ #.
#.#.###... ~~P #.
#.##.#.### .~~P.#.#####
#.###.#### ~.P...Kc@..#
#.##.....#
....#.####.#####.##.###.#
# .. #..........# #.# ##
#######.##.###.#
#.##...... .~ #.##......
P~~P######.##.#..#.
~~P~..............7
~P####.#.#.#.#.777


You could see a centaur and a kobold.

Vanquished Creatures
  Terence (D:3)
  3 adders
  A worm (D:3)
  A dart slug (D:1)
  An orc (D:3)
  2 ball pythons (D:1)
  7 endoplasms
  2 giant cockroaches
  6 goblins (D:1)
  2 hobgoblins (D:1)
  3 jackals (D:2)
  3 kobolds
  3 quokkas
  5 bats
  A frilled lizard (D:1)
  4 rats (D:1)
45 creatures vanquished.

Vanquished Creatures (others)
  38 plants (D:3)
38 creatures vanquished.

Grand Total: 83 creatures vanquished

Notes
Turn   | Place    | Note
-------+----------+-------------------------------------------
     0 | D:1      | qw the Tengu Warper began the quest for the Orb.
     0 | D:1      | Reached XP level 1. HP: 12/12 MP: 4/4
     0 | D:1      | 0 ||| qw: Version: 0.1-a-89-g26bdef1
     0 | D:1      | 0 ||| qw: Game counter: 1457
     0 | D:1      | 0 ||| qw: Always use a shield: true
     0 | D:1      | 0 ||| qw: God list: Okawaru
     0 | D:1      | 0 ||| qw: Allow faded altars: false
     0 | D:1      | 0 ||| qw: Do Orc after D:15 true
     0 | D:1      | 0 ||| qw: Do second Lair branch before Depths: true
     0 | D:1      | 0 ||| qw: Lair rune preference: random
     0 | D:1      | 0 ||| qw: Plans: Normal
     0 | D:1      | 0 ||| PLANNING D:1-11
   110 | D:1      | 110 ||| Stepping ~*~*~tactically~*~*~ (stealth).
   123 | D:1      | Reached skill level 3 in Axes
   123 | D:1      | Reached XP level 2. HP: 8/17 MP: 6/6
   349 | D:1      | 349 ||| Stepping ~*~*~tactically~*~*~ (hiding).
   350 | D:1      | 350 ||| Stepping ~*~*~tactically~*~*~ (hiding).
   375 | D:1      | Found Vokojoer's Weapon Shop.
   434 | D:1      | 434 ||| SHOPLISTING +0 whip (27 gold, have 19).
   550 | D:1      | 550 ||| Stepping ~*~*~tactically~*~*~ (stealth).
   565 | D:1      | 565 ||| Stepping ~*~*~tactically~*~*~ (stealth).
   566 | D:1      | 566 ||| Stepping ~*~*~tactically~*~*~ (stealth).
   675 | D:1      | 675 ||| Stepping ~*~*~tactically~*~*~ (stealth).
   685 | D:1      | Reached XP level 3. HP: 21/21 MP: 7/7
  1217 | D:1      | 1217 ||| UPGRADING to +0 ring mail.
  1227 | D:1      | 1227 ||| DROPPING +0 leather armour.
  1228 | D:1      | 1228 ||| UPGRADING to +6 ring of dexterity.
  1229 | D:1      | 1229 ||| READING scroll labelled ANKOAQAATI.
  1230 | D:1      | 1230 ||| DROPPING scroll of blinking.
  1267 | D:2      | 1267 ||| STAIRDANCE
  1273 | D:1      | Reached skill level 4 in Axes
  1302 | D:2      | 1302 ||| STAIRDANCE
  1648 | D:2      | Reached XP level 4. HP: 26/26 MP: 8/8
  1871 | D:2      | Found a faded altar of an unknown god.
  2127 | D:2      | 2127 ||| SWAPPING to +2 hand axe of electrocution.
  2128 | D:2      | 2128 ||| DROPPING +0 hand axe.
  2156 | D:2      | 2156 ||| UPGRADING to +0 cloak.
  2161 | D:2      | 2161 ||| READING scroll labelled XAITYS SAIWUNY.
  2162 | D:2      | 2162 ||| READING scroll labelled VEINOH IPNI.
  2163 | D:2      | 2163 ||| READING scroll labelled VOQEAD ZIANIG.
  2185 | D:3      | 2185 ||| STAIRDANCE
  2411 | D:3      | Noticed Terence
  2419 | D:3      | Killed Terence
  2420 | D:3      | Reached skill level 5 in Axes
  2516 | D:3      | 2516 ||| Stepping ~*~*~tactically~*~*~ (stealth).
  2673 | D:3      | 2673 ||| DROPPING +0 club.
  2690 | D:3      | 2690 ||| Stepping ~*~*~tactically~*~*~ (stealth).
  2902 | D:3      | Noticed a centaur
  2903 | D:3      | 2903 ||| Stepping ~*~*~tactically~*~*~ (hiding).
  2904 | D:3      | 2904 ||| FLEEEEING.
  2907 | D:3      | HP: 4/26 [centaur (5)]
  2908 | D:3      | Slain by a centaur

Levels and vault maps discovered:
D:1:      grunt_arrival_crossed_arrows, layout_loops_ring, serial_shops,
          nicolae_diamond_shop
D:2:      layout_basic, dilly_ecumenical_altar_fadedgnrine, grunt_ministairs_13
D:3:      layout_loops_ring, serial_bayou, serial_bayou_lagoon_a,
          serial_bayou_pond_b, serial_bayou_crossing, serial_bayou_lagoon_b,
          st_stairs_6, kennysheep_cluttered_room, uniq_terence

Skill      XL: |  1  2  3  4 |
---------------+-------------+-----
Axes           | 3 4 5 |  5.3
Fighting       | |  2.0
Throwing       | |  1.0
Armour         | |  1.1
Dodging        | |  2.1
Spellcasting   | |  2.0
Translocations | |  2.4

Action                   |  1- 3 |  4- 6 || total
-------------------------+-------+-------++-------
Melee: Hand axe          |    67 |    22 ||    89
       Kick              |    20 |     7 ||    27
       Peck              |     8 |     2 ||    10
Throw: Boomerang         |     7 |    23 ||    30
  Use: Scroll            |     1 |     3 ||     4
Armor: Leather armour    |     8 |       ||     8
       Ring mail         |     7 |     4 ||    11
Dodge: Dodged            |    32 |     7 ||    39

Table legend:
 A = Non-vault XP
 B = Vault XP
 C = Vault XP percentage of total XP
 D = Non-vault monster count
 E = Vault monster count
 F = Vault count percentage of total count
                 A         B        C        D         E       F
            +---------+---------+-------+---------+---------+-------
      Total |      97 |      53 |  35.3 |      39 |       6 |  13.3
            +---------+---------+-------+---------+---------+-------
        D:1 |      54 |       0 |   0.0 |      25 |       0 |   0.0
        D:2 |      23 |       8 |  25.8 |       6 |       4 |  40.0
        D:3 |      20 |      45 |  69.2 |       8 |       2 |  20.0
            +---------+---------+-------+---------+---------+-------
